 Dungeon Crawl Stone Soup version 0.28.0-49-g6dfe1f597d (webtiles) character file.

Game seed: 16544564121925066583

196 Peloso the Covered (level 5, -3/47 HPs)
             Began as a Minotaur Fighter on May 20, 2022.
             Slain by a bullfrog zombie (5 damage)
             ... on level 4 of the Dungeon.
             The game lasted 00:04:11 (2280 turns).

Peloso the Covered (Minotaur Fighter)               Turns: 2280, Time: 00:04:12

Health: -3/47      AC:  7    Str: 20    XL:     5   Next: 46%
Magic:  4/4        EV:  9    Int:  5    God:
Gold:   74         SH:  5    Dex: 12    Spells: 4/4 levels left

rFire   . . .      SeeInvis .   a - +0 long sword
rCold   . . .      Faith    .   c - +0 buckler
rNeg    . . .      Spirit   .   b - +0 scale mail
rPois   .          Reflect  .   (helmet restricted)
rElec   .          Harm     .   (no cloak)
rCorr   .          Rampage  .   (no gloves)
Will    .....                   (no boots)
Stlth   ..........              (no amulet)
HPRegen 0.15/turn               (no ring)
MPRegen 0.09/turn               (no ring)

@: no status effects
A: horns 2, retaliatory headbutt
a: no special abilities


You were on level 4 of the Dungeon.
You visited 1 branch of the dungeon, and saw 4 of its levels.

You collected 74 gold pieces.

Inventory:

Hand Weapons
 a - a +0 long sword (weapon)
Armour
 b - a +0 scale mail (worn)
 c - a +0 buckler (worn)
Scrolls
 e - a scroll of fear {unknown}
 g - a scroll of identify {unknown}
 h - a scroll of magic mapping
 i - a scroll of teleportation {unknown}
 j - a scroll of acquirement {unknown}
 k - a scroll of enchant weapon {unknown}
Potions
 d - a potion of might


   Skills:
 + Level 4.4 Fighting
 + Level 4.5 Long Blades
 + Level 5.2 Armour
 + Level 1.0 Dodging
 + Level 0.1 Stealth
 + Level 4.2 Shields


You had 4 spell levels left.
You didn't know any spells.
Your spell library contained the following spells:

 Spells                   Type           Power      Damage    Failure   Level
 Sandblast                Erth           0%         2d4       88%         1
 Passwall                 Tmut/Erth      0%         N/A       96%         2
 Stone Arrow              Conj/Erth      0%         3d7       99%         3


Dungeon Overview and Level Annotations

Branches:
Dungeon (4/15)             Temple (0/1) D:4

Altars:


Innate Abilities, Weirdness & Mutations

You have a pair of horns on your head.
You reflexively headbutt those who attack you in melee.


Message History

You kill the orc!
The goblin hits you but does no damage. The goblin hits you with a +0 dagger.
The goblin hits you but does no damage.
There is a stone staircase leading up here.
You see here a +0 short sword.
You hit the goblin.
You kill the goblin!
You block the bullfrog zombie's attack.
You slash the bullfrog zombie! You headbutt the bullfrog zombie.
The bullfrog zombie is heavily damaged.
The bullfrog zombie hits you.
* * * LOW HITPOINT WARNING * * *
You slash the bullfrog zombie!
The bullfrog zombie is severely damaged.
You block the bullfrog zombie's attack.
The bullfrog zombie hits you but does no damage.
You slash the bullfrog zombie! You headbutt the bullfrog zombie.
The bullfrog zombie is almost destroyed.
You block the bullfrog zombie's attack.
You hit the bullfrog zombie.
The bullfrog zombie is almost destroyed.
The bullfrog zombie hits you.
* * * LOW HITPOINT WARNING * * *
The bullfrog zombie hits you.
* * * LOW HITPOINT WARNING * * *
You barely miss the bullfrog zombie.
The bullfrog zombie is almost destroyed.
The bullfrog zombie hits you.
* * * LOW HITPOINT WARNING * * *
You closely miss the bullfrog zombie.
The bullfrog zombie is almost destroyed.
The bullfrog zombie hits you.
* * * LOW HITPOINT WARNING * * *
The bullfrog zombie barely misses you.
You closely miss the bullfrog zombie.
The bullfrog zombie is almost destroyed.
The bullfrog zombie hits you.
* * * LOW HITPOINT WARNING * * *
The bullfrog zombie hits you.
You die...

##### # ...#####
#.##. #.....#
......#@.##.###
......Z........#
...⌠..#####..#.#
...... .# .>...
# ..... ...⌠
....


You could see a bullfrog zombie.

Vanquished Creatures
  A scorpion (D:3)
  An orc priest (D:4)
  An iguana (D:2)
  An adder (D:3)
  2 adder skeletons
  A dart slug (D:1)
  2 orcs (D:4)
  3 ball pythons
  3 endoplasms
  A giant cockroach (D:1)
  6 goblins
  8 hobgoblins
  3 quokkas
  8 bats
  3 frilled lizards (D:2)
  6 kobolds
  3 rats
53 creatures vanquished.

Notes
Turn   | Place    | Note
-------+----------+-------------------------------------------
     0 | D:1      | Peloso the Minotaur Fighter began the quest for the Orb.
     0 | D:1      | Reached XP level 1. HP: 19/19 MP: 0/0
   448 | D:1      | Reached XP level 2. HP: 20/27 MP: 1/1
   624 | D:1      | Reached skill level 4 in Armour
  1273 | D:2      | Reached XP level 3. HP: 32/33 MP: 2/2
  1537 | D:2      | Reached XP level 4. HP: 34/40 MP: 3/3
  1632 | D:2      | Noticed an ogre
  1715 | D:3      | Noticed a scorpion
  1730 | D:3      | Killed a scorpion
  1731 | D:3      | Reached skill level 5 in Armour
  1731 | D:3      | Reached skill level 1 in Dodging
  1731 | D:3      | Reached XP level 5. HP: 46/46 MP: 4/4
  1854 | D:3      | Found a faded altar of an unknown god.
  2261 | D:4      | Found a staircase to the Ecumenical Temple.
  2280 | D:4      | HP: 2/47 [bullfrog zombie (5)]
  2280 | D:4      | Slain by a bullfrog zombie

Illustrated notes

Levels and vault maps discovered:
D:1:      amcnicky_arrival_gap_in_the_tavern_cellar, layout_loops_ring,
          minmay_misc_feat_rugged
D:2:      layout_rooms
D:3:      layout_basic, ebering_ecumenical_altar_abandoned, minmay_crystal_water
D:4:      layout_loops_cross, regret_index_temple_of_mockery,
          minmay_temple_entry_large_hall, hangedman_abyss_or_decor_passed,
          minmay_misc_feat_encased

Skill      XL: |  1  2  3  4  5 |
---------------+----------------+-----
Armour         | 4 5 |  5.2
Fighting       | 4 |  4.4
Long Blades    | 3 4 |  4.5
Shields        | 4 |  4.2
Dodging        | 1 |  1.0
Stealth        | |  0.1

Action                   |  1- 3 |  4- 6 || total
-------------------------+-------+-------++-------
Melee: Long sword        |    72 |    47 ||   119
       Headbutt          |     9 |     9 ||    18
  Use: Scroll            |     1 |     1 ||     2
       Potion            |     1 |     1 ||     2
Armor: Scale mail        |    36 |    30 ||    66
Dodge: Dodged            |    26 |    16 ||    42
Block: Buckler           |    19 |    10 ||    29
